General information
- name: BNet
- type: Ladder 1vs1/FFA
- host: Battle.net
- saver: boba.0
map: CentaurGrove
- players: 2
- length: 19:32
- speed: Fast
- version: 1.24 W3XP
- replay type: Public
» download(57 KB)
Players
team 1 (loser)
joeman01 (
red | 58 APM | 1128 actions | 19:31)
4 Blademaster
1 Wind Walk
2 Critical Strike
1 Mirror Image
3 Shadow Hunter
2 Healing Wave
1 Hex
3 Dark Ranger
2 Silence
1 Black Arrow
» actions
| Assign group hotkey | 24 | |
| Basic commands | 2 | |
| Build / train | 68 | |
| Enter build submenu | 14 | |
| Enter hero's abilities submenu | 11 | |
| Give item / drop item | 4 | |
| Remove unit from queue | 1 | |
| Right click | 441 | |
| Select / deselect | 211 | |
| Select group hotkey | 280 | |
| Use ability | 72 | |
1128 total
» units
| Peon | 15 | |
| Shaman | 7 | |
| Troll Headhunter/Berserker | 3 | |
| Demolisher | 5 | |
30 total
» upgrades
| Ranged Weapons | 3 | |
| Armor | 3 | |
| Spiked Barricades | 2 | |
| Shaman Training | 2 | |
| Berserker Upgrade | 1 | |
| Troll Regeneration | 1 | |
| Reinforced Defenses | 1 | |
| Burning Oil | 1 | |
14 total
» buildings
| Altar of Storms | 1 | |
| Orc Burrow | 5 | |
| War Mill | 1 | |
| Barracks | 1 | |
| Voodoo Lounge | 1 | |
| Stronghold | 2 | |
| Fortress | 1 | |
| Spirit Lodge | 2 | |
| Watch Tower | 3 | |
17 total
» build order
00:07 Altar of Storms
00:16 Orc Burrow
00:49 War Mill
01:12 Barracks
01:43 Orc Burrow
02:06 Voodoo Lounge
02:48 Stronghold
02:48 Stronghold
04:16 Orc Burrow
05:12 Fortress
05:36 Spirit Lodge
05:37 Spirit Lodge
07:45 Watch Tower
12:08 Orc Burrow
13:10 Watch Tower
13:16 Watch Tower
16:06 Orc Burrow
» items
| Lesser Clarity Potion | 2 | |
| Healing Salve | 2 | |
| Orb of Lightning | 1 | |
| Tiny Great Hall | 1 | |
| Potion of Healing | 1 | |
7 total
team 2 (winner)
boba.0 (
orange | 67 APM | 1310 actions | 19:32)
5 Mountain King
3 Storm Bolt
2 Bash
2 Archmage
1 Summon Water Elemental
1 Brilliance Aura
» actions
| Assign group hotkey | 45 | |
| Basic commands | 37 | |
| Build / train | 74 | |
| ESC pressed | 1 | |
| Enter build submenu | 37 | |
| Enter hero's abilities submenu | 7 | |
| Give item / drop item | 4 | |
| Remove unit from queue | 2 | |
| Right click | 579 | |
| Select / deselect | 251 | |
| Select group hotkey | 164 | |
| Use ability | 109 | |
1310 total
» units
| Peasant | 18 | |
| Footman | 5 | |
| Rifleman | 5 | |
| Goblin Shredder | 1 | |
| Goblin Zeppelin | 1 | |
| Gryphon Rider | 3 | |
| Sorceress | 1 | |
34 total
» upgrades
| Defend | 1 | |
| Masonry | 1 | |
| Swords | 2 | |
| Armor | 1 | |
| Animal War Training | 1 | |
| Storm Hammers | 1 | |
| Magic Sentry | 1 | |
| Cloud | 1 | |
| Sorceress Training | 1 | |
10 total
» buildings
| Altar of Kings | 1 | |
| Barracks | 1 | |
| Farm | 11 | |
| Scout Tower | 20 | |
| Arcane Tower | 2 | |
| Blacksmith | 1 | |
| Town Hall | 1 | |
| Arcane Vault | 2 | |
| Lumber Mill | 1 | |
| Keep | 1 | |
| Guard Tower | 7 | |
| Castle | 1 | |
| Gryphon Aviary | 3 | |
| Arcane Sanctum | 1 | |
53 total
» build order
00:07 Altar of Kings
00:12 Barracks
00:32 Farm
01:12 Farm
01:30 Scout Tower
01:44 Farm
02:19 Farm
02:25 Arcane Tower
02:44 Blacksmith
04:26 Farm
05:06 Town Hall
05:11 Arcane Vault
05:13 Scout Tower
05:23 Arcane Tower
06:13 Farm
06:14 Farm
06:21 Lumber Mill
06:51 Keep
08:13 Scout Tower
08:14 Scout Tower
08:15 Scout Tower
08:16 Scout Tower
08:16 Scout Tower
08:17 Scout Tower
08:25 Scout Tower
08:26 Scout Tower
08:26 Scout Tower
08:27 Scout Tower
08:54 Scout Tower
08:56 Scout Tower
08:56 Scout Tower
08:59 Guard Tower
09:12 Castle
09:25 Guard Tower
09:33 Arcane Vault
09:37 Farm
09:38 Farm
09:39 Farm
10:27 Guard Tower
10:28 Scout Tower
11:03 Gryphon Aviary
11:36 Guard Tower
11:39 Guard Tower
11:46 Farm
12:59 Gryphon Aviary
13:02 Gryphon Aviary
13:26 Scout Tower
13:26 Scout Tower
14:30 Guard Tower
14:36 Arcane Sanctum
15:51 Scout Tower
15:51 Scout Tower
16:50 Guard Tower
» items
| Scroll of Regeneration | 1 | |
| Mechanical Critter | 2 | |
| Dust of Appearance | 1 | |
| Boots of Speed | 1 | |
| Periapt of Vitality | 1 | |
| Orb of Fire | 1 | |
| Staff of Sanctuary | 1 | |
8 total
Chat log
(17:42 / All) boba.0: wow amazing timing
(17:42 / All) boba.0: lol